 Dungeon Crawl Stone Soup version 0.30-a0-269-gf0224bf7b6 (webtiles) character file.

Game seed: 5988128901043961689

2328 purpskrrrp the Ruffian (level 9, -3/84 HPs)
             Began as a Troll Transmuter on Oct 14, 2022.
             Was a Priest of Okawaru.
             Slain by a yak (10 damage)
             ... on level 7 of the Dungeon.
             The game lasted 00:14:17 (5888 turns).

purpskrrrp the Ruffian (Troll Transmuter)           Turns: 5888, Time: 00:14:17

Health: -3/84      AC:  7    Str: 24    XL:     9   Next: 19%
Magic:  12/12      EV: 14    Int:  9    God:    Okawaru [***...]
Gold:   539        SH:  0    Dex: 10    Spells: 13/14 levels left

rFire   . . .      SeeInvis .      - Unarmed
rCold   . . .      Faith    .    (no shield)
rNeg    . . .      Spirit   .    a - +0 robe
rPois   .          Reflect  .    (helmet currently unavailable)
rElec   .          Harm     .    o - +2 cloak {Stlth+}
rCorr   .          Rampage  .    (gloves unavailable)
Will    .....                    (boots unavailable)
Stlth   ++........               (no amulet)
HPRegen 1.14/turn                r - +4 ring of evasion
MPRegen 0.13/turn                (no ring)

@: appendages (expiring)
A: horns 2, talons 2, large, unfitting armour, claws 3, regeneration 1, shaggy
fur 1, tough skin 1
a: End Transformation, Renounce Religion, Heroism


You were on level 7 of the Dungeon.
You worshipped Okawaru.
Okawaru was most pleased with you.
You had temporarily grown beastly horns and talons.
You visited 1 branch of the dungeon, and saw 7 of its levels.
You also visited: Sewer.

You collected 539 gold pieces.

Inventory:

Hand Weapons
 p - a +3 quarterstaff of chaos
Missiles
 c - 2 throwing nets (quivered)
 y - 5 poisoned darts
Armour
 a - a +0 robe (worn)
 o - a +2 cloak of stealth (worn)
Jewellery
 r - a +4 ring of evasion (left claw)
 s - an amulet of guardian spirit
 x - a ring of ice
 A - a ring of poison resistance
Wands
 d - a wand of acid (12)
Scrolls
 e - a scroll of amnesia
 f - 3 scrolls of poison
 g - a scroll of torment
 j - 11 scrolls of identify
 m - 4 scrolls of enchant weapon
 t - 2 scrolls of noise
 v - 2 scrolls of fear
 w - 2 scrolls of teleportation
Potions
 b - 2 potions of lignification
 h - 5 potions of degeneration {unknown}
 i - 2 potions of mutation {unknown}
 k - 7 potions of curing
 l - a potion of magic {unknown}
 n - 2 potions of brilliance {unknown}
 q - 2 potions of flight {unknown}
 u - a potion of heal wounds {unknown}
 z - 2 potions of resistance {unknown}
 B - a potion of might {unknown}


   Skills:
 + Level 3.7 Fighting
 + Level 4.0 Dodging
 * Level 7.2 Unarmed Combat
 + Level 3.1 Spellcasting
 * Level 5.2 Transmutations


You had 13 spell levels left.
You knew the following spells:

 Your Spells              Type           Power      Damage    Failure   Level
a - Beastly Appendage     Tmut           20%        N/A       3%          1

Your spell library contained the following spells:

 Spells                   Type           Power      Damage    Failure   Level
 Wereblood                Tmut           10%        N/A       5%          2
 Magic Dart               Conj           4%         1d3       30%         1
 Spider Form              Tmut/Pois      6%         N/A       30%         3
 Ensorcelled Hibernation  Hex/Ice        2%         N/A       41%         2
 Mephitic Cloud           Conj/Pois/Air  1%         N/A       65%         3
 Ice Form                 Ice/Tmut       6%         N/A       69%         4
 Anguish                  Hex/Necr       0%         N/A       96%         4
 Call Imp                 Summ           Unusable   N/A       N/A         2

Dungeon Overview and Level Annotations

Branches:
Dungeon (7/15)             Temple (0/1) D:4           Sewer (visited)

Altars:
Fedhas
Gozag
Kikubaaqudgha
Okawaru
Sif Muna
Trog

Shops:
D:2 [   D:5 (


Innate Abilities, Weirdness & Mutations

You have temporarily grown beastly horns and talons.
You are too large for most types of armour.
You have claws for hands.
Your natural rate of healing is unusually fast.
You are covered in fur. (AC +1)
You have tough skin. (AC +1)


Message History

You grow a pair of large bovine horns.
Your feet morph into talons.
The yak barely misses you. x2; The yak misses you.
The orc warrior barely misses you. The orc hits you but does no damage.
You are too injured to fight recklessly!
You are too injured to fight recklessly!
You are too injured to fight recklessly!
You are too injured to fight recklessly!
You are too injured to fight recklessly!
You are too injured to fight recklessly!
You are too injured to fight recklessly!
You are too injured to fight recklessly!
You are too injured to fight recklessly!
You are too injured to fight recklessly!
You are too injured to fight recklessly!
You barely miss the yak. Your kick misses the yak. You headbutt the yak!
The yak is moderately wounded.
The yak gores you but does no damage. The yak gores you! The yak gores you.
The orc warrior hits you with a +0 flail!
* * * LOW HITPOINT WARNING * * *
The orc warrior attacks as you move away!
The orc warrior hits you with a +0 flail.
* * * LOW HITPOINT WARNING * * *
The yak closely misses you. The yak barely misses you.
The yak attacks as you move away! The yak gores you.
* * * LOW HITPOINT WARNING * * *
The yak attacks as you move away! The yak gores you!
* * * LOW HITPOINT WARNING * * *
Things that are here:
a +0 trident; a +0 leather armour
As you read the scroll of fear, it crumbles to dust.
You assume a fearsome visage.
The orc warrior looks frightened!
The orc looks frightened!
The yak looks frightened!
The yak easily resists.
The yak looks frightened! x3; The yak gores you.
* * * LOW HITPOINT WARNING * * *
Your transformation is almost over.
You see here a +0 dagger.
You barely miss the yak. You claw the yak, but do no damage.
The yak is lightly wounded.
The yak gores you!
You die...

##.......##
#.........######
###........##..#.##
#.............>#..###
##..##....##..#.....#
....##.......#...#. .
....##...[.#.....# ..
...........####).####...
............####@)......
................Y....##.
..<.....##..............
#......###..............
#......###...........#..
...<......?.....Y.Y..# .
.........#.Yo.o......#
........####.........#
........# #............


You could see 4 yaks, an orc warrior (fleeing) and an orc (fleeing).

Vanquished Creatures
  Grinder (D:4)
  Sigmund (D:6)
  Edmund (D:6)
  A water moccasin (D:6)
  A centaur (D:6)
  4 ogres
  A kobold brigand (D:5)
  A scorpion (D:5)
  A necrophage (D:6)
  2 howler monkeys (D:5)
  3 hounds (D:5)
  4 orc priests
  2 gnoll boudas
  Crazy Yiuf (D:2)
  2 jellies
  3 iguanas
  Ijyb (D:3)
  3 orc wizards
  7 adders
  27 gnolls
  A river rat (D:6)
  A white imp (D:5)
  2 ufetubi
  A worm (D:4)
  A dart slug (D:1)
  39 orcs
  14 ball pythons
  8 bats
  9 endoplasms
  3 giant cockroaches
  5 goblins
  6 hobgoblins
  23 jackals
  16 kobolds
  6 quokkas
  2 frilled lizards
  6 rats
210 creatures vanquished.

Vanquished Creatures (others)
  A giant cockroach (D:4)
  A plant (D:5)
2 creatures vanquished.

Grand Total: 212 creatures vanquished

Notes
Turn   | Place    | Note
-------+----------+-------------------------------------------
     0 | D:1      | purpskrrrp the Troll Transmuter began the quest for the
                  | Orb.
     0 | D:1      | Reached XP level 1. HP: 18/18 MP: 1/1
    38 | D:1      | Reached skill level 1 in Fighting
    44 | D:1      | Reached XP level 2. HP: 25/27 MP: 3/3
   268 | D:1      | Reached XP level 3. HP: 27/33 MP: 2/4
   421 | D:2      | Found Faolanwa's Armour Boutique.
   653 | D:2      | Found a faded altar of an unknown god.
   697 | D:2      | Found a shimmering blue altar of Sif Muna.
  1268 | D:2      | Found a runed translucent door.
  1269 | D:2      | Noticed Crazy Yiuf
  1465 | D:2      | Killed Crazy Yiuf
  1466 | D:2      | Reached XP level 4. HP: 27/41 MP: 1/5
  1763 | D:3      | Reached XP level 5. HP: 48/48 MP: 6/6
  1763 | D:3      | Found a blossoming altar of Fedhas.
  2405 | D:3      | Found a bloodstained altar of Trog.
  2406 | D:3      | Found an iron altar of Okawaru.
  2418 | D:3      | Became a worshipper of Warmaster Okawaru
  2484 | D:4      | Noticed Ijyb
  2515 | D:3      | Killed Ijyb
  2516 | D:3      | Reached skill level 4 in Unarmed Combat
  2770 | D:4      | Found an opulent altar of Gozag.
  2816 | D:4      | Noticed Grinder
  2830 | D:4      | Paralysed by Grinder for 3 turns
  2838 | D:4      | Paralysed by Grinder for 5 turns
  2849 | D:4      | Killed Grinder
  2849 | D:4      | Reached * piety under Okawaru
  2850 | D:4      | Reached XP level 6. HP: 27/57 MP: 5/8
  2938 | D:4      | Reached XP level 7. HP: 54/65 MP: 9/9
  2989 | D:4      | Found a staircase to the Ecumenical Temple.
  3126 | D:5      | Entered Level 5 of the Dungeon
  3126 | D:5      | Found Erit's Antique Weapon Shoppe.
  3155 | D:5      | Reached skill level 5 in Unarmed Combat
  3473 | D:5      | Reached ** piety under Okawaru
  3853 | D:5      | Reached XP level 8. HP: 69/74 MP: 10/10
  4212 | D:5      | Reached skill level 6 in Unarmed Combat
  4903 | D:6      | Reached *** piety under Okawaru
  4933 | D:6      | Found a glowing drain.
  4937 | Sewer    | Entered a sewer
  5300 | D:6      | Noticed Edmund
  5320 | D:6      | Killed Edmund
  5321 | D:6      | Reached skill level 5 in Transmutations
  5321 | D:6      | Reached XP level 9. HP: 55/83 MP: 12/12
  5414 | D:6      | Noticed Sigmund
  5427 | D:6      | Killed Sigmund
  5428 | D:6      | Reached skill level 7 in Unarmed Combat
  5617 | D:6      | Found an ancient bone altar of Kikubaaqudgha.
  5888 | D:7      | Slain by a yak

Illustrated notes

Levels and vault maps discovered:
D:1:      amcnicky_arrival_single_pillar, layout_rooms
D:2:      layout_loops_corners, hellmonk_ecumenical_altar_blasted, basic_altar,
          serial_shops, shop, uniq_crazy_yiuf_cottage
D:3:      layout_basic, grunt_temple_overflow_bloody_war,
          mainiacjoe_overflow_concentric_impassable, kennysheep_cluttered_room
D:4:      layout_rooms, nicolae_gozag_cash_rules_everything_around_me,
          minmay_temple_entry_statues_fountains, uniq_ijyb, uniq_grinder
D:5:      lemuel_castle_with_subvaults [lemuel_castle_interior_carwin_2],
          layout_basic, minmay_misc_feat_secret_circle, minmay_misc_feat_alley,
          minmay_shop_grid_forest, grunt_ministairs_15, minmay_quadrilaterals
D:6:      layout_loops_ring, lemuel_coloured_pillars_altar,
          gup_sewer_entry_bowl, uniq_sigmund, uniq_edmund
D:7:      minmay_evil_eye, layout_cave_pools, general_overflow_altar

Skill      XL: |  1  2  3  4  5  6  7  8  9 |
---------------+----------------------------+-----
Fighting       | 1 2 3 |  3.7
Transmutations | 2 3 4 5 |  5.2
Dodging        | 2 3 4 |  4.0
Unarmed Combat | 4 5 6 7 |  7.2
Spellcasting   | 2 3 |  3.1

Action                   |  1- 3 |  4- 6 |  7- 9 || total
-------------------------+-------+-------+-------++-------
Melee: Unarmed           |    78 |    92 |   361 ||   531
       Kick              |     6 |     2 |    14 ||    22
       Headbutt          |     2 |     1 |    16 ||    19
       Punch             |       |       |    10 ||    10
Throw: Boomerang         |    27 |    79 |       ||   106
       Dart              |       |    16 |    41 ||    57
 Cast: Beastly Appendage |    13 |     4 |    10 ||    27
  Use: Scroll            |       |     7 |     8 ||    15
       Potion            |       |     2 |     1 ||     3
 Stab: Sleeping          |       |     1 |     2 ||     3
Armor: Robe              |    38 |    32 |    68 ||   138
Dodge: Dodged            |    46 |    37 |   245 ||   328

Table legend: (Time is in decaauts)
 A = Elapsed time spent in this place.
 B = Non-inter-level travel time spent in this place.
 C = Inter-level travel time spent in this place.
 D = Time resting spent in this place.
 E = Time spent auto-exploring this place.
 F = Levels seen in this place.
 G = Mean time per level.
                   A        B        C        D        E       F      G
               +--------+--------+--------+--------+--------+-----+--------+
         Total |   5953 |   5566 |    387 |     50 |   4199 |   8 |  744.1 |
       Dungeon |   5623 |   5236 |    387 |     50 |   3965 |   7 |  803.3 |
         Sewer |    330 |    330 |      0 |      0 |    233 |   1 |  330.0 |
               +--------+--------+--------+--------+--------+-----+--------+

Top non-repeatable levels by time:
     D:5: 1451 daAuts
     D:2: 1210 daAuts
     D:6: 936 daAuts
     D:3: 908 daAuts
     D:4: 610 daAuts
     D:1: 418 daAuts
   Sewer: 330 daAuts
     D:7: 89 daAuts
